 Dungeon Crawl Stone Soup version 0.29-a0-40-g8eb35efe60 (webtiles) character file.

Game seed: 10768032374276381280

1936 HallandMoats the Skirmisher (level 9, -3/78 HPs)
             Began as a Ghoul Monk on Feb 1, 2022.
             Was an Elder of Makhleb.
             Slain by a centaur (5 damage)
             ... on level 6 of the Dungeon.
             The game lasted 00:08:56 (7602 turns).

HallandMoats the Skirmisher (Ghoul Monk)            Turns: 7602, Time: 00:08:57

Health: -3/78      AC:  6    Str: 17    XL:     9   Next: 17%
Magic:  12/12      EV: 12    Int:  5    God:    Makhleb [****..]
Gold:   330        SH:  0    Dex: 25    Spells: 8/8 levels left

rFire   . . .      SeeInvis .     - Unarmed
rCold   + . .      Faith    .   (no shield)
rNeg    + + +      Spirit   .   e - +0 scale mail
rPois   ∞          Reflect  .   i - +0 hat
rElec   .          Harm     .   (no cloak)
rCorr   .          Rampage  .   (no gloves)
Will    .....                   (no boots)
Stlth   +.........              (no amulet)
HPRegen 0.00/turn               g - +6 ring of dexterity
MPRegen 0.13/turn               k - +6 ring of dexterity

@: inhibited regen
A: claws 1, cold resistance 1, negative energy resistance 3, inhibited
regeneration, torment resistance 2
a: Renounce Religion, Minor Destruction, Lesser Servant of Makhleb, Major
Destruction


You were on level 6 of the Dungeon.
You worshipped Makhleb.
Makhleb was greatly pleased with you.
You visited 1 branch of the dungeon, and saw 6 of its levels.

You collected 330 gold pieces.

Inventory:

Armour
 e - a +0 scale mail (worn)
 i - a +0 hat (worn)
Jewellery
 g - a +6 ring of dexterity (left claw)
 k - a +6 ring of dexterity (right claw)
Wands
 r - a wand of digging (3)
Scrolls
 a - 2 scrolls of amnesia {unknown}
 c - 4 scrolls of identify {unknown}
 d - 3 scrolls of teleportation {unknown}
 f - 2 scrolls of magic mapping {unknown}
 h - a scroll of summoning {unknown}
 j - 2 scrolls of enchant weapon {unknown}
 o - a scroll of brand weapon {unknown}
Potions
 b - a potion of haste {unknown}
 l - 2 potions of heal wounds {unknown}
 m - a potion of curing {unknown}
 n - a potion of lignification {unknown}
 p - a potion of attraction {unknown}
 q - a potion of cancellation {unknown}


   Skills:
 * Level 6.9 Fighting
 + Level 3.4 Armour
 + Level 4.4 Dodging
 - Level 2.1 Stealth
 + Level 3.2 Shields
 * Level 6.8 Unarmed Combat
 * Level 5.6 Invocations


You had 8 spell levels left.
You didn't know any spells.
Your spell library was empty.

Dungeon Overview and Level Annotations

Branches:
Dungeon (6/15)
 Temple: D:4-7

Altars:
Ashenzari
Fedhas
Makhleb
Wu Jian
Xom

Annotations:
D:4 1 runed translucent door, DrKleor's ghost, novice FoFi


Innate Abilities, Weirdness & Mutations

You thrive by killing the living.
You are immune to poison.
You have sharp fingernails.
Your flesh is cold resistant. (rC+)
You are immune to negative energy. (rN+++)
You do not regenerate when monsters are visible.
You are immune to unholy pain and torment.


Message History

The necrophage hits you but does no damage.
You scratch the necrophage but do no damage.
The necrophage is severely damaged.
The centaur shoots an arrow.
The arrow hits you! The necrophage hits you.
The centaur shoots an arrow.
The arrow hits you!
You are too injured to fight recklessly!
You are too injured to fight recklessly!
You are too injured to fight recklessly!
You are too injured to fight recklessly!
You are too injured to fight recklessly!
You are too injured to fight recklessly!
You are too injured to fight recklessly!
You are too injured to fight recklessly!
You are too injured to fight recklessly!
You are too injured to fight recklessly!
You are too injured to fight recklessly!
There are monsters nearby!
There are monsters nearby!
There are monsters nearby!
You scratch the necrophage.
The necrophage is almost destroyed.
The centaur shoots an arrow.
The arrow hits you.
The necrophage hits you but does no damage.
You claw the necrophage!
You destroy the necrophage!
Makhleb accepts your kill.
You feel better.
The centaur shoots an arrow.
The arrow closely misses you.
The centaur shoots an arrow.
The arrow completely misses you.
The centaur shoots an arrow.
The arrow hits you!
You see here a necrophage corpse.
The centaur shoots an arrow.
The arrow hits you!
* * * LOW HITPOINT WARNING * * *
The centaur shoots an arrow.
The arrow hits you.
* * * LOW HITPOINT WARNING * * *
The centaur shoots an arrow.
The arrow hits you!
* * * LOW HITPOINT WARNING * * *
The centaur shoots an arrow.
The arrow hits you.
* * * LOW HITPOINT WARNING * * *
The centaur unwields a +0 shortbow.
The centaur hits you.
You die...

#########
#.......#
#.......#
#.......#
########.......#
.....)c@...†...#
########.......#
#.......# ##### .
#.......###...#
..
................#
.## #
########..###...#
# ..#.#
##.#...###
.###.... ...
###..(### ..)...
.... #.....#


You could see a centaur.

Vanquished Creatures
  Grinder (D:5)
  Eustachio (D:5)
  A water moccasin (D:4)
  3 necrophages
  A sky beast (D:5)
  2 black bears
  A centaur (D:6)
  A phantom (D:4)
  A gnoll sergeant (D:5)
  A scorpion (D:6)
  A jelly (D:5)
  A hound (D:5)
  A centaur skeleton (D:6)
  Ijyb (D:3)
  6 iguanas
  An orc wizard (D:2)
  Natasha (thrice) (D:3)
  2 killer bee zombies
  A hound zombie (D:5)
  A hound skeleton (D:4)
  5 gnolls
  5 adders
  An ufetubus (D:5)
  2 worms
  2 dart slugs (D:3)
  3 orcs (D:3)
  2 bats
  2 endoplasms (D:2)
  2 giant cockroaches
  5 goblins
  3 hobgoblins
  5 jackals
  3 kobolds
  5 quokkas
  8 ball pythons
  8 frilled lizards (D:1)
  2 rats
  A bush (D:3)
95 creatures vanquished.

Vanquished Creatures (collateral kills)
  An ogre (D:4)
  An adder skeleton (D:4)
  A hobgoblin (D:4)
3 creatures vanquished.

Vanquished Creatures (others)
  A plant (D:1)
1 creature vanquished.

Grand Total: 99 creatures vanquished

Notes
Turn   | Place    | Note
-------+----------+-------------------------------------------
     0 | D:1      | HallandMoats the Ghoul Monk began the quest for the Orb.
     0 | D:1      | Reached XP level 1. HP: 19/19 MP: 0/0
   360 | D:1      | Reached XP level 2. HP: 21/26 MP: 1/1
   442 | D:1      | Found a faded altar of an unknown god.
   462 | D:1      | Prayed at the altar of an unknown god.
   462 | D:1      | Became a worshipper of Makhleb the Destroyer
   462 | D:1      | Reached * piety under Makhleb
   462 | D:1      | Reached ** piety under Makhleb
  1195 | D:2      | Reached XP level 3. HP: 31/31 MP: 2/2
  1481 | D:2      | Reached *** piety under Makhleb
  2034 | D:3      | Noticed Ijyb
  2036 | D:3      | Noticed a smoke demon
  2463 | D:3      | Paralysed by Ijyb for 6 turns
  2485 | D:3      | Killed Ijyb
  2486 | D:3      | Reached skill level 1 in Armour
  2486 | D:3      | Reached skill level 1 in Invocations
  2486 | D:3      | Reached XP level 4. HP: 14/40 MP: 3/3
  3008 | D:3      | Reached XP level 5. HP: 23/46 MP: 5/5
  3414 | D:3      | Noticed Natasha
  3419 | D:3      | Killed Natasha
  3420 | D:3      | Reached skill level 1 in Shields
  3427 | D:3      | Noticed Natasha
  3438 | D:3      | Killed Natasha
  3715 | D:3      | Noticed Natasha
  3958 | D:3      | Killed Natasha
  4314 | D:4      | Noticed a phantom
  4327 | D:4      | Killed a phantom
  4328 | D:4      | Reached XP level 6. HP: 50/53 MP: 6/6
  4355 | D:4      | Found a shimmering altar of Xom.
  4595 | D:4      | Found an ornate altar of the Wu Jian Council.
  4621 | D:4      | Found a runed translucent door.
  4656 | D:4      | Noticed a water moccasin
  4664 | D:4      | Killed a water moccasin
  4665 | D:4      | Reached skill level 5 in Fighting
  4665 | D:4      | Reached XP level 7. HP: 55/61 MP: 8/8
  4740 | D:4      | Noticed DrKleor's ghost (novice FoFi)
  4852 | D:4      | Reached skill level 5 in Unarmed Combat
  5069 | D:5      | Entered Level 5 of the Dungeon
  5069 | D:5      | Noticed Grinder
  5089 | D:5      | Killed Grinder
  5567 | D:5      | Found a blossoming altar of Fedhas.
  5586 | D:5      | Reached XP level 8. HP: 60/69 MP: 8/10
  6333 | D:6      | Noticed Eustachio
  6629 | D:5      | Killed Eustachio
  7128 | D:5      | Reached skill level 5 in Invocations
  7287 | D:6      | Found a broken altar of Ashenzari.
  7306 | D:6      | Reached **** piety under Makhleb
  7313 | D:6      | Reached XP level 9. HP: 37/78 MP: 11/11
  7601 | D:6      | HP: 2/78 [centaur/arrow (6)]
  7602 | D:6      | Slain by a centaur

Illustrated notes

Levels and vault maps discovered:
D:1:      denvon_arrival_planthouse, layout_basic,
          hellmonk_ecumenical_altar_crossroads, minmay_lizard_king
D:2:      layout_basic
D:3:      layout_loops_ring, minmay_hedge_maze, uniq_ijyb, uniq_natasha
D:4:      layout_rooms, kennysheep_mini, overflow_temple_1_default,
          ebering_ghost_sewer_d
D:5:      black_bear_nest_2, layout_layer_cave, mainiacjoe_overflow_boulevard,
          serial_glass, glass_columns_a, glass_columns_a,
          minmay_misc_feat_tower, uniq_grinder
D:6:      layout_rooms, ashenzari_conservatory_becter, eino_tiny_chamber,
          serial_bayou_pond_d, uniq_eustachio

Skill      XL: |  1  2  3  4  5  6  7  8 |
---------------+-------------------------+-----
Dodging        | 3 4 |  4.4
Armour         | 1 2 3 |  3.4
Unarmed Combat | 4 5 6 |  6.8
Invocations    | 1 2 3 4 5 |  5.6
Fighting       | 4 5 6 |  6.9
Shields        | 1 2 3 |  3.2
Stealth        | |  2.1

Action                   |  1- 3 |  4- 6 |  7- 9 || total
-------------------------+-------+-------+-------++-------
Melee: Unarmed           |   111 |   204 |   194 ||   509
       Punch             |     4 |    17 |     6 ||    27
Invok: Lesser Servant of |     1 |     1 |       ||     2
       Minor Destruction |       |       |     1 ||     1
 Stab: Sleeping          |       |     1 |       ||     1
Armor: Robe              |    13 |       |       ||    13
       Scale mail        |    21 |    36 |    56 ||   113
Dodge: Dodged            |    56 |    53 |   150 ||   259

Table legend: (Time is in decaauts)
 A = Elapsed time spent in this place.
 B = Non-inter-level travel time spent in this place.
 C = Inter-level travel time spent in this place.
 D = Time resting spent in this place.
 E = Time spent auto-exploring this place.
 F = Levels seen in this place.
 G = Mean time per level.
                   A        B        C        D        E       F      G
               +--------+--------+--------+--------+--------+-----+--------+
         Total |   7576 |   7362 |    214 |   1533 |   4678 |   6 | 1262.7 |
       Dungeon |   7576 |   7362 |    214 |   1533 |   4678 |   6 | 1262.7 |
               +--------+--------+--------+--------+--------+-----+--------+

Top non-repeatable levels by time:
     D:5: 1845 daAuts
     D:3: 1688 daAuts
     D:2: 1503 daAuts
     D:1: 1111 daAuts
     D:4: 979 daAuts
     D:6: 448 daAuts
